 Dungeon Crawl Stone Soup version 0.27.1 (webtiles) character file.

Game seed: 106491079519861964

89 Hoon the Sneak (level 4, -5/25 HPs)
             Began as a Kobold Enchanter on Sept 1, 2021.
             Was a Follower of Zin.
             Slain by a gnoll (8 damage)
             ... on level 3 of the Dungeon.
             The game lasted 00:32:02 (3718 turns).

Hoon the Sneak (Kobold Enchanter)                   Turns: 3718, Time: 00:32:03

Health: -5/25      AC:  3    Str:  5    XL:     4   Next: 84%
Magic:  7/7        EV: 15    Int: 16    God:    Zin [*.....]
Gold:   50         SH:  0    Dex: 16    Spells: 4/8 levels left

rFire    . . .     SeeInvis .   a - +2 dagger
rCold    . . .     Faith    .   (shield restricted)
rNeg     . . .     Spirit   .   b - +1 robe
rPois    +         Reflect  .   (no helmet)
rElec    .         Harm     .   (no cloak)
rCorr    .         Rampage  .   (no gloves)
Will     .....                  (no boots)
Stlth    ++++......             (no amulet)
HPRegen  0.08/turn              c - ring of poison resistance
MPRegen  0.10/turn              (no ring)

@: on recite cooldown
A: small, no large weapons, nightstalker 3
a: Renounce Religion, Recite, Donate Gold


You were on level 3 of the Dungeon.
You worshipped Zin.
Zin was aware of your devotion.
You visited 1 branch of the dungeon, and saw 3 of its levels.

You collected 106 gold pieces.
You donated 56 gold pieces to Zin.

Inventory:

Hand Weapons
 a - a +2 dagger (weapon)
Armour
 b - a +1 robe (worn)
Magical Staves
 d - a staff of conjuration
Jewellery
 c - a ring of poison resistance (left hand)
Scrolls
 g - 2 scrolls of identify


   Skills:
 + Level 1.0 Fighting
 + Level 2.3 Short Blades
 + Level 2.9 Dodging
 + Level 5.3 Stealth
 + Level 2.6 Spellcasting
 + Level 0.2 Conjurations
 + Level 3.4 Hexes


You had 4 spell levels left.
You knew the following spells:

 Your Spells              Type           Power      Damage    Failure   Level
a - Corona                Hex            14%        N/A       4%          1
b - Tukima's Dance        Hex            13%        N/A       14%         3

Your spell library contained the following spells:

 Spells                   Type           Power      Damage    Failure   Level
 Ensorcelled Hibernation  Hex/Ice        14%        N/A       14%         2
 Confusing Touch          Hex            13%        N/A       14%         3
 Dazzling Flash           Conj/Hex       16%        N/A       26%         3
 Conjure Flame            Conj/Fire      2%         6-21      50%         3
 Spider Form              Tmut/Pois      1%         N/A       52%         3
 Sticky Flame             Conj/Fire      2%         2d3       88%         4
 Freezing Cloud           Conj/Ice/Air   1%         6-21      99%         5
 Irradiate                Conj/Tmut      1%         3d14      99%         5
 Shadow Creatures         Summ           N/A        N/A       100%        6
 Fire Storm               Conj/Fire      1%         7d1       100%        9


Dungeon Overview and Level Annotations

Branches:
Dungeon (3/15)

Altars:
Zin

Shops:
D:3 *


Innate Abilities, Weirdness & Mutations

You are small and have problems with some larger weapons.
You are completely attuned to the shadows.


Message History

Zin finds your generosity lacking.
Found 7 gold pieces.
You pay a tithe of 1 gold.
You now have 50 gold pieces (gained 6).
There is an open door here.
Found a moonstone ring.
c - a ring of poison resistance
c - a ring of poison resistance (left hand)
You see here a +0 hand axe.
There is an open door here.
The gnoll shouts!
You hear a shout!
There is an open door here.
The gnoll hits you from afar with a +4 spear.
A gnoll comes into view. It is wielding a +0 spear.
The gnoll closely misses you. The gnoll hits you with a +4 spear!
The gnoll moves out of view.
The gnoll hits you from afar with a +4 spear.
The gnoll misses you.
The gnoll hits you from afar with a +0 halberd.
The gnoll misses you.
You clear your throat and prepare to recite. "For those who would enter Zin's holy bosom..."
You hear a shout!
The gnoll closely misses you.
The gnoll hits you with a +4 spear. "...and live in belief, Zin provideth.
Such is..."
A gnoll comes into view. It is wielding a +0 club.
The gnoll barely misses you. x2
You hit the gnoll.
The gnoll is lightly wounded.
You barely miss the gnoll.
The gnoll is lightly wounded. "...the covenant, and such is the way of things."
You finish reciting Ablutions 22:68.
The gnoll hits you from afar with a +0 halberd.
* * * LOW HITPOINT WARNING * * *
The gnoll hits you with a +4 spear. Zin protects you from harm!
You hit the gnoll.
The gnoll is moderately wounded.
The gnoll hits you from afar with a +0 halberd!
You die...

#######.#
#...........#........ #.#
##########..'........ #.#
#.##........ #.####
##.#.......#' #........
............. ...........#
##.#.#...#.#. .gg........#
#.#.#.#.#.#.
...........########.#.#<....#.
....>.....ggg@....)...........
.......########.#.........
.......# #.#######... .......#
#.......#...
#####################.##.#
#.................
#.............###.
#.............# #.
#.............# #.


You could see 3 gnolls.

Vanquished Creatures
  2 adders
  2 worms
  2 dart slugs (D:2)
  4 ball pythons (D:1)
  6 endoplasms
  A hobgoblin (D:2)
  4 jackals (D:2)
  A quokka (D:1)
  11 bats
  3 frilled lizards
  11 goblins
  3 kobolds
  6 rats
56 creatures vanquished.

Notes
Turn   | Place    | Note
-------+----------+-------------------------------------------
     0 | D:1      | Hoon the Kobold Enchanter began the quest for the Orb.
     0 | D:1      | Reached XP level 1. HP: 10/10 MP: 3/3
    96 | D:1      | Reached XP level 2. HP: 15/15 MP: 5/5
   824 | D:1      | Reached XP level 3. HP: 19/19 MP: 6/6
   928 | D:1      | Reached skill level 5 in Stealth
  1098 | D:1      | Learned a level 3 spell: Tukima's Dance
  2173 | D:2      | Reached XP level 4. HP: 19/24 MP: 5/7
  2192 | D:2      | Found a faded altar of an unknown god.
  2547 | D:2      | Identified a scroll of acquirement
  2547 | D:2      | Acquired Tyku's Catalogue of Confrontation
  3120 | D:3      | Reached skill level 1 in Fighting
  3356 | D:3      | Found Zin's Purification Station.
  3359 | D:3      | Found a glowing silver altar of Zin.
  3418 | D:3      | Became a worshipper of Zin the Law-Giver
  3529 | D:3      | Reached * piety under Zin
  3545 | D:3      | Donated 46 gold pieces to Zin
  3717 | D:3      | Zin protects you from harm!
  3718 | D:3      | Slain by a gnoll

Illustrated notes

Levels and vault maps discovered:
D:1:      amcnicky_arrival_wind_blow, layout_basic
D:2:      layout_loops_corners, hellmonk_ecumenical_altar_lost_god
D:3:      layout_basic, zin_purify

Skill      XL: |  1  2  3  4 |
---------------+-------------+-----
Stealth        | 5 |  5.3
Short Blades   | 2 |  2.3
Fighting       | 1 |  1.0
Dodging        | |  2.9
Spellcasting   | |  2.6
Conjurations   | |  0.2
Hexes          | |  3.4

Action                   |  1- 3 |  4- 6 || total
-------------------------+-------+-------++-------
Melee: Dagger            |   100 |    79 ||   179
 Cast: Corona            |     4 |     4 ||     8
Invok: Recite            |       |     1 ||     1
       Donate Gold       |       |     1 ||     1
  Use: Scroll            |     1 |     6 ||     7
 Stab: Sleeping          |    21 |     6 ||    27
       Distracted        |     1 |       ||     1
Armor: Robe              |    11 |    18 ||    29
Dodge: Dodged            |    63 |    42 ||   105
